AoeStats
← Threadus

Arabian Desert

510629806Analyzed
1v1 RM · 22h ago on Oct 1, 2026· 22m 34s· 2 players
Game mode
Random Map
Map size
Tiny (2 player)
Population
200
Speed
Normal
Resources
Standard
Victory
Conquest
Starting age
Dark Age
Ending age
Imperial Age
RankedLock teamsTeams togetherTeam positionsShared explorationLock speedFull tech treeHidden civsTurbo modeCheats
Victory
Defeat
🇬🇧 Cumans · United Kingdom
779
+16
🇧🇷 Aztecs · Brazil
789
-40
Threadus
4:11 Loom
10:01 Feudal Age
10:46 Double-Bit Axe
12:17 Bloodlines
19:29 Forging
20:56 Fletching
theilor.taiariol
10:56 Feudal Age
11:54 Double-Bit Axe
14:34 Stone Mining
14:34 Gold Mining
14:36 Horse Collar
18:25 Wheelbarrow
19:06 Forging
19:02 Scale Mail Armor
23:08 Castle Age
Connection lost

Rejoining the realm…

Still unreachable

The connection could not be restored.

Session expired

The server has moved on; the page needs a fresh start.